 Dungeon Crawl Stone Soup version 0.21.0-24-g2553a3340b (webtiles) character file.

5 Gargoyl the Skirmisher (level 1, -3/19 HPs)
             Began as a Centaur Abyssal Knight on Jan 22, 2018.
             Was a Follower of Lugonu.
             Killed from afar by a starcursed mass (7 damage)
             ... with an accursed screaming
             ... on level 2 of the Abyss.
             The game lasted 00:01:40 (215 turns).

Gargoyl the Skirmisher (Centaur Abyssal Knight)      Turns: 215, Time: 00:01:41

Health: -3/19      AC:  5    Str: 14    XL:     1   Next: 66%
Magic:  2/2        EV: 17    Int: 11    God:    Lugonu [*.....]
Gold:   11         SH:  0    Dex:  8    Spells: 0/0 levels left

rFire    + + .     SeeInvis .   (weapon currently unavailable)
rCold    + + .     Gourm    .   (shield currently unavailable)
rNeg     + + +     Faith    .   (armour currently unavailable)
rPois    ∞         Spirit   .   (helmet currently unavailable)
rElec    +         Reflect  .   (cloak currently unavailable)
rCorr    +         Harm     .   (gloves currently unavailable)
MR       .....                  (no barding)
Stlth    +.........             (amulet currently unavailable)
HPRegen  0.06/turn              (ring currently unavailable)
MPRegen  0.08/turn              (ring currently unavailable)

@: wisp-form (expiring), flying, quick
A: tiny
a: Depart the Abyss, Renounce Religion


You were on level 2 of the Abyss.
You worshipped Lugonu.
Lugonu was aware of your devotion.
You were not hungry.
You were an insubstantial wisp.
You visited 0 branches of the dungeon, and saw 0 of its levels.
You visited the Abyss 1 time.

You collected 11 gold pieces.

Inventory:

Hand Weapons
 a - a +1 hand axe (melded)
Armour
 b - a +0 leather armour (melded)
Wands
 d - a wand of polymorph (7)
 e - a wand of flame (32)
Comestibles
 c - a ration


   Skills:
 + Level 3.2 Fighting
 + Level 1.8 Axes
 + Level 1.4 Armour
 + Level 0.6 Dodging
 + Level 2.0 Invocations


You couldn't memorise any spells.
You didn't know any spells.

Dungeon Overview and Level Annotations

Branches:
Dungeon (0/15)

Altars:


Innate Abilities, Weirdness & Mutations

((You have hooves in place of feet.))
((Armour fits poorly on your strangely shaped body.))
((You cover ground very quickly.))
((You have extremely tough skin. (AC +3)))


Message History

You blink.
A raiju comes into view.
The raiju barks!
The raiju bursts into living lightning!
The living lightning misses you.
The raiju blinks!
You blink.
Your transformation is almost over.
An iron imp comes into view.
The iron imp shouts!
The raiju bursts into living lightning!
The living lightning hits you! You resist.
* * * LOW HITPOINT WARNING * * *
The raiju blinks! x2
A starcursed mass comes into view.
A starcursed mass splits.
The raiju bursts into living lightning!
The living lightning misses you. x2; The raiju blinks!
A starcursed mass splits.
A chorus of shrieks assaults your mind.
You die...

##. .#....##. #.. .##
.##.#x##....#..h###.
...# #.##..##....###..#
.... #
.#§.*#.......##..#.# #
.#.##..#.#....§......#
##......##.x....h.##.5.#
.#.#. .##.#*...##..#X.#
# .#..#* #
#..#....X.X#5. .... #.#
#..#.v#.##.... # . ##
#.#.###.........#. . # #
.......##.... #...#.###
##.# #####. .# ## #


You could see 3 starcursed masses, 2 wretched stars, a raiju, a small
abomination and an iron imp.

Vanquished Creatures
  An ufetubus (Abyss:2)
1 creature vanquished.

Vanquished Creatures (others)
  A lurking horror (Abyss:2)
  6 starspawn tentacles (Abyss:2)
7 creatures vanquished.

Grand Total: 8 creatures vanquished

Notes
Turn   | Place    | Note
-------+----------+-------------------------------------------
     0 | Abyss:1  | Gargoyl the Centaur Abyssal Knight began the quest for the Orb.
     0 | Abyss:1  | Reached XP level 1. HP: 19/19 MP: 2/2
    55 | Abyss:2  | Noticed an eye of draining
    58 | Abyss:2  | Noticed a fire elemental
   121 | Abyss:2  | Noticed a hungry ghost
   129 | Abyss:2  | Noticed a small abomination
   129 | Abyss:2  | Noticed a tentacled starspawn
   147 | Abyss:2  | Noticed a ynoxinul
   163 | Abyss:2  | Noticed a small abomination
   177 | Abyss:2  | Noticed a bone dragon
   180 | Abyss:2  | Found a sacrificial altar of Ru.
   195 | Abyss:2  | Noticed a wretched star
   206 | Abyss:2  | Noticed a wretched star
   207 | Abyss:2  | Noticed a raiju
   211 | Abyss:2  | Noticed an iron imp
   213 | Abyss:2  | Noticed a starcursed mass
   215 | Abyss:2  | Killed from afar by a starcursed mass

Action                   || total
-------------------------++-------
Melee: Hand axe          ||     1
Evoke: Wand              ||     5
  Use: Scroll            ||     1
Dodge: Dodged            ||     5
